 Dungeon Crawl Stone Soup version 0.29.1-12-g30fa7ad0bf (webtiles) character file.

Game seed: 15388006595376203271

3209 sweetbreads the Geomancer (level 9, -6/48 HPs)
             Began as a Gargoyle Earth Elementalist on Dec 28, 2022.
             Was a Follower of Vehumet.
             Shot with a bolt by an orc warrior (18 damage)
             ... on level 8 of the Dungeon.
             The game lasted 00:43:39 (6832 turns).

sweetbreads the Geomancer (GrEE)                    Turns: 6832, Time: 00:43:40

Health: -6/48      AC: 14    Str: 12    XL:     9   Next: 97%
Magic:  6/15       EV: 12    Int: 26    God:    Vehumet [*.....]
Gold:   289        SH:  0    Dex: 10    Spells: 12/16 levels left

rFire   . . .      SeeInvis .   a - +0 dire flail (protect)
rCold   . . .      Faith    .   (shield currently unavailable)
rNeg    + . .      Spirit   .   A - +2 robe {Will+}
rPois   ∞          Reflect  .   D - +1 helmet
rElec   +          Harm     .   (no cloak)
rCorr   .          Rampage  .   C - +0 pair of gloves
Will    +....                   E - +0 pair of boots
Stlth   ++........              (no amulet)
HPRegen 0.16/turn               I - +6 ring of intelligence
MPRegen 0.14/turn               (no ring)

@: no status effects
A: sickness immunity, AC +6, negative energy resistance 1, electricity
resistance, torment resistance 1, petrification resistance
a: Renounce Religion


You were on level 8 of the Dungeon.
You worshipped Vehumet.
Vehumet was aware of your devotion.
You visited 2 branches of the dungeon, and saw 9 of its levels.

You collected 432 gold pieces.
You spent 143 gold pieces at shops.

Inventory:

Hand Weapons
 a - a +0 dire flail of protection (weapon)
 b - a +2 spear of venom
 c - a +3 flail of freezing
 f - the +8 war axe of a wizard's laboratory {speed, rF- MP+9 Dex+10}
   (You took it off a kobold on level 7 of the Dungeon)

   Attacks with this weapon are significantly faster.
   Dex:       It affects your dexterity (+10).
   rF:        It makes you vulnerable to fire.
   MP:        It affects your magic capacity (+9).
 j - a +2 dagger of holy wrath
Missiles
 i - a curare-tipped dart
 O - 35 poisoned darts
Armour
 A - a +2 robe of willpower (worn)
 B - +0 steam dragon scales
 C - a +0 pair of gloves (worn)
 D - a +1 helmet (worn)
 E - a +0 pair of boots (worn)
Jewellery
 I - a +6 ring of intelligence (left hand)
Wands
 d - a wand of polymorph (9)
 u - a wand of iceblast (8)
 H - a wand of flame (18)
Scrolls
 g - a scroll of fog {unknown}
 k - a scroll of amnesia
 l - a scroll of identify
 p - 4 scrolls of blinking
 x - 2 scrolls of teleportation
 Q - 2 scrolls of enchant armour
Potions
 e - a potion of haste {unknown}
 h - 3 potions of heal wounds
 n - a potion of ambrosia {unknown}
 o - 3 potions of curing {unknown}
 s - 2 potions of attraction {unknown}
 t - 3 potions of might {unknown}
 w - 2 potions of magic
 z - a potion of lignification {unknown}
 K - 3 potions of mutation {unknown}
 S - 2 potions of brilliance


   Skills:
 * Level 2.0 Fighting
 * Level 1.6 Maces & Flails
 - Level 2.0 Dodging
 * Level 3.8 Stealth
 - Level 4.0 Spellcasting
 * Level 4.7 Conjurations
 - Level 1.0 Transmutations
 - Level 14.0 Earth Magic


You had 12 spell levels left.
You knew the following spells:

 Your Spells              Type           Power      Damage    Failure   Level
a - Sandblast             Erth           100%       2d20      1%          1
b - Stone Arrow           Conj/Erth      100%       3d13      1%          3

Your spell library contained the following spells:

 Spells                   Type           Power      Damage    Failure   Level
 Foxfire                  Conj/Fire      68%        2x1d7     3%          1
 Passwall                 Tmut/Erth      36%        N/A       1%          2
 Petrify                  Tmut/Erth      44%        N/A       3%          4
 Static Discharge         Conj/Air       17%        3-6/arc   4%          2
 Poisonous Vapours        Pois/Air       10%        N/A       13%         2
 Portal Projectile        Hex/Tloc       10%        N/A       26%         3
 Tukima's Dance           Hex            5%         N/A       26%         3
 Sticky Flame             Conj/Fire      17%        2d4       32%         4
 Corpse Rot               Necr/Pois/Air  5%         N/A       63%         4
 Dispel Undead            Necr           5%         3d7       63%         4
 Olgreb's Toxic Radiance  Pois           5%         N/A       63%         4
 Blade Hands              Tmut           5%         N/A       83%         5
 Ozocubu's Refrigeration  Ice            2%         4d8       100%        7
 Ignition                 Fire           2%         3d3       100%        8


Dungeon Overview and Level Annotations

Branches:
Dungeon (8/15)             Temple (1/1) D:6
   Lair: D:8-11

Altars:
Ashenzari
Dithmenos
Elyvilon
Fedhas
Gozag
Kikubaaqudgha
Makhleb
Nemelex Xobeh
Okawaru
Qazlal
Ru
Sif Muna
Trog
Uskayaw
Vehumet
Wu Jian
Xom
Yredelemnul
Zin
The Shining One

Shops:
D:6 [   D:7 (

Annotations:
D:7 Joseph


Innate Abilities, Weirdness & Mutations

You are immune to sickness and miasma.
Your stone body is resilient. (AC +6)
You are immune to poison.
You resist negative energy. (rN+)
You are resistant to electric shocks. (rElec)
You are resistant to unholy torment.
You are immune to petrification.


Message History

Aim: an orc warrior, wielding a +0 arbalest and wearing a +0 chain mail (84% to hit)
The blast of sand hits the orc warrior!
The orc warrior is heavily wounded.
The orc warrior shoots a bolt.
The bolt hits you!
Casting: Sandblast (safe; 1% risk of failure)
Confirm with . or Enter, or press ? or * to list all spells.
Aiming: Sandblast (safe; 1% risk of failure)
Press: ? - help, Shift-Dir - straight line, f/p - orc warrior
Aim: an orc warrior, wielding a +0 arbalest and wearing a +0 chain mail (heavily wounded, 84% to hit)
The blast of sand misses the orc warrior.
The orc warrior shoots a bolt.
The bolt hits you but does no damage.
The orc warrior shoots a bolt.
The bolt barely misses you.
Casting: Sandblast (safe; 1% risk of failure)
Confirm with . or Enter, or press ? or * to list all spells.
Aiming: Sandblast (safe; 1% risk of failure)
Press: ? - help, Shift-Dir - straight line, f/p - orc warrior
Aim: an orc warrior, wielding a +0 arbalest and wearing a +0 chain mail (heavily wounded, 84% to hit)
The blast of sand misses the orc warrior.
The orc warrior shoots a bolt.
The bolt barely misses you.
Casting: Sandblast (safe; 1% risk of failure)
Confirm with . or Enter, or press ? or * to list all spells.
You don't know that spell.
Casting: Sandblast (safe; 1% risk of failure)
Confirm with . or Enter, or press ? or * to list all spells.
Aiming: Sandblast (safe; 1% risk of failure)
Press: ? - help, Shift-Dir - straight line, f/p - orc warrior
Aim: an orc warrior, wielding a +0 arbalest and wearing a +0 chain mail (heavily wounded, 84% to hit)
The blast of sand misses the orc warrior.
The orc warrior shoots a bolt.
The bolt barely misses you.
The orc warrior shoots a bolt.
The bolt hits you!
Casting: Sandblast (safe; 1% risk of failure)
Confirm with . or Enter, or press ? or * to list all spells.
Aiming: Stone Arrow (safe; 1% risk of failure)
Press: ? - help, Shift-Dir - straight line, f/p - orc warrior
Aim: an orc warrior, wielding a +0 arbalest and wearing a +0 chain mail (heavily wounded, 75% to hit)
The stone arrow misses the orc warrior.
The orc warrior shoots a bolt.
The bolt hits you!
* * * LOW HITPOINT WARNING * * *
The orc warrior shoots a bolt.
The bolt hits you!!
You die...

... .. ..
#. ..#.
.#.## o..#
# #).#
#..#..##
#....@.#
....##...#
. .†...#
####..#
#..# #..#
#..# #..#
#..


You could see an orc warrior.

Vanquished Creatures
  Prince Ribbit (D:5)
  A wyvern (D:7)
  A steam dragon (D:7)
  Menkaure (D:4)
  A water moccasin (D:8)
  An orc warrior (D:5)
  2 ice beasts (D:6)
  3 ogres
  2 phantoms
  3 kobold brigands
  A necrophage (D:6)
  2 scorpions
  8 wights
  5 killer bees (D:7)
  A howler monkey (D:6)
  3 hounds
  A jelly (D:7)
  3 orc priests
  Jessica (D:2)
  5 iguanas
  8 orc wizards
  3 gnolls (D:3)
  4 adders
  5 worms
  A dart slug (D:2)
  31 orcs
  4 bats
  7 endoplasms
  5 giant cockroaches (D:1)
  3 goblins
  4 hobgoblins
  7 quokkas
  7 ball pythons
  2 frilled lizards (D:2)
  21 kobolds
  8 rats
166 creatures vanquished.

Vanquished Creatures (others)
  An orc wizard (D:8)
1 creature vanquished.

Grand Total: 167 creatures vanquished

Notes
Turn   | Place    | Note
-------+----------+-------------------------------------------
     0 | D:1      | sweetbreads the Gargoyle Earth Elementalist began the quest
                  | for the Orb.
     0 | D:1      | Reached XP level 1. HP: 10/10 MP: 3/3
     2 | D:1      | Found a runed translucent door.
   121 | D:2      | Reached XP level 2. HP: 15/15 MP: 0/5
   313 | D:2      | Reached skill level 4 in Earth Magic
   711 | D:1      | Found a faded altar of an unknown god.
  1052 | D:1      | Reached XP level 3. HP: 19/19 MP: 5/7
  1371 | D:2      | Noticed Jessica
  1375 | D:2      | Killed Jessica
  1376 | D:2      | Reached XP level 4. HP: 24/24 MP: 5/8
  1689 | D:3      | Reached skill level 5 in Earth Magic
  1969 | D:3      | Learned a level 3 spell: Stone Arrow
  1992 | D:3      | Reached XP level 5. HP: 28/28 MP: 7/9
  2209 | D:3      | Found a sparkling altar of Nemelex Xobeh.
  2276 | D:4      | Noticed Menkaure
  2348 | D:3      | Reached skill level 1 in Transmutations
  2481 | D:4      | Reached skill level 6 in Earth Magic
  2549 | D:4      | Reached XP level 6. HP: 32/32 MP: 5/11
  2723 | D:5      | Entered Level 5 of the Dungeon
  2733 | D:5      | Reached skill level 7 in Earth Magic
  2817 | D:4      | Reached skill level 1 in Conjurations
  2939 | D:5      | Reached XP level 7. HP: 36/36 MP: 9/13
  3236 | D:5      | Reached skill level 8 in Earth Magic
  3403 | D:5      | Found a hide-covered altar of Uskayaw.
  3403 | D:5      | Noticed Prince Ribbit
  3413 | D:5      | Killed Prince Ribbit
  3414 | D:5      | Reached skill level 9 in Earth Magic
  3640 | D:5      | Reached XP level 8. HP: 41/41 MP: 11/14
  3884 | D:6      | Reached skill level 10 in Earth Magic
  3941 | D:6      | Found a staircase to the Ecumenical Temple.
  3999 | Temple   | Entered the Ecumenical Temple
  4084 | Temple   | Became a worshipper of Vehumet
  4254 | D:6      | Reached skill level 11 in Earth Magic
  4643 | D:6      | Found Baudin's Antique Armour Boutique.
  4820 | D:6      | Reached XP level 9. HP: 45/45 MP: 5/15
  4827 | D:6      | Reached skill level 12 in Earth Magic
  5706 | D:7      | Found Nuajomuo's Antique Weapon Emporium.
  5711 | D:7      | Bought a runed whip for 143 gold pieces
  5719 | D:7      | Reached skill level 1 in Fighting
  5719 | D:7      | Reached skill level 13 in Earth Magic
  5856 | D:4      | Reached skill level 1 in Maces & Flails
  5966 | D:4      | Killed Menkaure
  6262 | D:7      | Reached * piety under Vehumet
  6262 | D:7      | Offered knowledge of Foxfire by Vehumet.
  6337 | D:7      | Noticed Joseph
  6401 | D:7      | Identified the +8 war axe of a wizard's laboratory {speed,
                  | rF- MP+9 Dex+10}
  6823 | D:8      | Reached skill level 14 in Earth Magic
  6832 | D:8      | Shot with a bolt by an orc warrior

Illustrated notes

Levels and vault maps discovered:
D:1:      dpeg_arrival_caged_fury, layout_loops_ring, serial_forest,
          infiniplex_forest_lined_4_way, infiniplex_forest_lined_room_2,
          infiniplex_forest_lined_room_, infiniplex_forest_lined_2,
          infiniplex_forest_clump_diagonal, infiniplex_forest_join,
          infiniplex_forest_3_way, infiniplex_forest_pool,
          infiniplex_forest_straight_3, hellmonk_ecumenical_altar_inner_sanctum,
          amcnicky_mini_pool_small
D:2:      layout_rooms, uniq_jessica
D:3:      layout_basic, nemelex_xobeh_ov_fountains_minmay
D:4:      layout_basic, uniq_menkaure
D:5:      layout_basic, nicolae_uskayaw_murder_on_the_dancefloor,
          uniq_prince_ribbit1
D:6:      layout_loops_ring, temple_doors_e, serial_shops,
          nicolae_lakefront_shop
D:7:      layout_loops_ring, serial_shops, shop, uniq_joseph
D:8:      wander_kiku_kobolds, layout_loops_ring
Temple:   dpeg_three_leaves_temple

Skill      XL: |  1  2  3  4  5  6  7  8  9 |
---------------+----------------------------+-----
Earth Magic    | 4 5 6 7 9 11 14 | 14.0
Spellcasting   | 3 4 |  4.0
Transmutations | 1 |  1.0
Conjurations   | 1 2 3 4 |  4.7
Dodging        | 2 |  2.0
Stealth        | 3 |  3.8
Fighting       | 2 |  2.0
Maces & Flails | 1 |  1.6

Action                   |  1- 3 |  4- 6 |  7- 9 || total
-------------------------+-------+-------+-------++-------
Melee: Unarmed           |     8 |       |       ||     8
       Club              |     6 |     3 |       ||     9
       Flail             |       |    12 |    12 ||    24
       Punch             |       |     1 |       ||     1
       Dire flail        |       |       |    15 ||    15
 Cast: Sandblast         |    41 |    70 |   141 ||   252
       Stone Arrow       |       |       |     8 ||     8
  Use: Scroll            |       |       |    14 ||    14
Armor: Robe              |    17 |    16 |    36 ||    69
Dodge: Dodged            |    15 |    25 |    51 ||    91
